 Dungeon Crawl Stone Soup version 0.26-a0-812-g31a745ddcd (webtiles) character file.

Game seed: 14092456267761555683

85 kae the Skirmisher (level 4, -1/32 HPs)
             Began as a Hill Orc Abyssal Knight on Nov 25, 2020.
             Was a Believer of Lugonu.
             Succumbed to an adder's poison
             ... on level 2 of the Dungeon.
             The game lasted 00:01:05 (2503 turns).

kae the Skirmisher (Hill Orc Abyssal Knight)        Turns: 2503, Time: 00:01:06

Health: -1/32      AC:  3    Str: 13    XL:     4   Next: 48%
Magic:  6/6        EV: 11    Int: 12    God:    Lugonu [**....]
Gold:   69         SH:  0    Dex: 10    Spells: 3/3 levels left

rFire    . . .     SeeInvis .   a - +1 hand axe
rCold    . . .     Faith    .   (no shield)
rNeg     . . .     Spirit   .   b - +0 leather armour
rPois    .         Reflect  .   (no helmet)
rElec    .         Harm     .   (no cloak)
rCorr    .         Rampage  .   (no gloves)
MR       .....                  (no boots)
Stlth    +.........             (no amulet)
HPRegen  0.10/turn              (no ring)
MPRegen  0.10/turn              (no ring)

@: lethally poisoned (-1 -> -20)
A: [frail 2], [weak 1]
a: Depart the Abyss, Bend Space, Renounce Religion


You were on level 2 of the Dungeon.
You worshipped Lugonu.
Lugonu was pleased with you.
You visited 1 branch of the dungeon, and saw 2 of its levels.
You visited the Abyss 1 time.

You collected 69 gold pieces.

Inventory:

Hand Weapons
 a - a +1 hand axe (weapon)
Armour
 b - a +0 leather armour (worn)
Scrolls
 c - 2 scrolls of enchant weapon {unknown}
 e - 4 scrolls of teleportation {unknown}
 f - 4 scrolls of identify {unknown}
 h - a scroll of remove curse {unknown}
 i - 3 scrolls of amnesia {unknown}
 j - a scroll of immolation {unknown}
Potions
 g - a potion of curing


   Skills:
 + Level 4.2 Fighting
 * Level 4.1 Axes
 + Level 2.9 Armour
 + Level 1.4 Dodging
 + Level 3.1 Invocations


You had 3 spell levels left.
You didn't know any spells.
Your spell library was empty.

Dungeon Overview and Level Annotations

Branches:
Dungeon (2/15)

Altars:
Hepliaklqana


Innate Abilities, Weirdness & Mutations

[You are very frail. (-20% HP)]
[You are weak. (Str -2)]


Message History

You see here a jackal corpse.
You closely miss the adder.
The adder is severely wounded.
You closely miss the jackal. x2
* * * LOW HITPOINT WARNING * * *
You feel sick.
The jackal bites you but does no damage. x2
The adder bites you.
* * * LOW HITPOINT WARNING * * *
You are more poisoned.
The adder poisons you! The jackal bites you.
* * * LOW HITPOINT WARNING * * *
The jackal misses you. The adder bites you.
* * * LOW HITPOINT WARNING * * *
You are more poisoned.
The adder poisons you!
You closely miss the adder.
The adder is severely wounded.
You miss the jackal. You closely miss the jackal.
You die...

##.# #....... ##...##
#....[.. ###.....#
#....... ........ ####
##.....# #...... ...#
##...## #....# .##.#
#...# #.#.##.##.# #...#
#..S...##.# #...#
#.#@h####.#####...##
.##.#.h####)#.........
...................)...
.......#######.........
...###.# ####.....# ##
#.. #.....# #.. #.....#
... ######.....# ##
....#......


You could see an adder and 2 jackals.

Vanquished Creatures
  4 adders (D:2)
  2 dart slugs (D:1)
  A ball python (D:1)
  5 giant cockroaches
  6 goblins
  5 hobgoblins
  2 jackals (D:2)
  7 bats
  9 frilled lizards
  3 kobolds
  3 rats
47 creatures vanquished.

Notes
Turn   | Place    | Note
-------+----------+-------------------------------------------
     0 | Abyss:1  | kae the Hill Orc Abyssal Knight began the quest for the
                  | Orb.
     0 | Abyss:1  | Reached XP level 1. HP: 19/19 MP: 2/2
    69 | Abyss:1  | Noticed a wretched star
    85 | D:1      | Escaped the Abyss
   293 | D:1      | Reached * piety under Lugonu
   352 | D:1      | Reached XP level 2. HP: 20/21 MP: 3/3
   372 | D:1      | Reached skill level 1 in Dodging
  1072 | D:1      | Reached XP level 3. HP: 22/26 MP: 5/5
  1619 | D:2      | Reached XP level 4. HP: 5/32 MP: 6/6
  1670 | D:2      | HP: 1/32 [hobgoblin (5)]
  2444 | D:2      | Found a hazy altar of Hepliaklqana.
  2500 | D:2      | Reached ** piety under Lugonu
  2502 | D:2      | HP: 1/32 [adder (1)]
  2503 | D:2      | Succumbed to an adder's poison

Illustrated notes

Levels and vault maps discovered:
D:1:      scummos_arrival_forest, layout_basic, serial_aquarium,
          aquarium_bridge_long_separate [aquarium_subvault_bridge,
          aquarium_subvault_wall, aquarium_subvault_wall,
          aquarium_subvault_window, aquarium_subvault_bridge,
          aquarium_subvault_bridge], aquarium_window_1, aquarium_window_2,
          aquarium_view_2e, aquarium_balcony_5a, aquarium_pool_1
D:2:      layout_loops_cross, marbit_many_paths

Skill      XL: |  1  2  3  4 |
---------------+-------------+-----
Axes           | 3 4 |  4.1
Dodging        | 1 |  1.4
Fighting       | 4 |  4.2
Invocations    | 3 |  3.1
Armour         | |  2.9

Action                   |  1- 3 |  4- 6 || total
-------------------------+-------+-------++-------
Melee: Hand axe          |   107 |    51 ||   158
Invok: Depart the Abyss  |     1 |       ||     1
  Use: Potion            |       |     3 ||     3
Armor: Leather armour    |    31 |    19 ||    50
Dodge: Dodged            |    57 |    40 ||    97

Table legend: (Time is in decaauts)
 A = Elapsed time spent in this place.
 B = Non-inter-level travel time spent in this place.
 C = Inter-level travel time spent in this place.
 D = Time resting spent in this place.
 E = Time spent auto-exploring this place.
 F = Levels seen in this place.
 G = Mean time per level.
                   A        B        C        D        E       F      G
               +--------+--------+--------+--------+--------+-----+--------+
         Total |   2509 |   2493 |     16 |      6 |   2147 |   3 |  836.3 |
       Dungeon |   2424 |   2408 |     16 |      6 |   2079 |   2 | 1212.0 |
         Abyss |     85 |     85 |      0 |      0 |     68 |   1 |   85.0 |
               +--------+--------+--------+--------+--------+-----+--------+

Top non-repeatable levels by time:
     D:1: 1347 daAuts
     D:2: 1077 daAuts
 Abyss:1: 85 daAuts
